 Dungeon Crawl Stone Soup version 0.31-a0-229-g1fc7ce93e2 (webtiles) character file.

Game seed: 17453351002016257050

353 qw the Shooter (level 6, -1/53 HPs)
             Began as a Minotaur Hexslinger on July 6, 2023.
             Was an Initiate of Okawaru.
             Slain by a gnoll
             ... wielding a +0 spear
             ... led by a gnoll sergeant
              (6 damage)
             ... on level 5 of the Dungeon.
             The game lasted 00:01:07 (2872 turns).

qw the Shooter (Minotaur Hexslinger)                Turns: 2872, Time: 00:01:07

Health: -1/53      AC:  5    Str: 12    XL:     6   Next: 35%
Magic:  6/6        EV: 11    Int: 10    God:    Okawaru [......]
Gold:   288        SH:  0    Dex: 15    Spells: 6/7 levels left

rFire   . . .        Y - +2 sling (freeze)
rCold   . . .        (no shield)
rNeg    . . .        g - +0 ring mail
rPois   .            (helmet restricted)
rElec   .            (no cloak)
rCorr   .            (no gloves)
SInv    +            (no boots)
Will    .....        (no amulet)
Stlth   +            e - ring of see invisible
HPRegen 0.28/turn    (no ring)
MPRegen 0.10/turn

%: no passive effects
@: no status effects
A: horns 2, retaliatory headbutt
a: Renounce Religion


You were on level 5 of the Dungeon.
You worshipped Okawaru.
Okawaru was noncommittal.
You visited 2 branches of the dungeon, and saw 6 of its levels.

You collected 288 gold pieces.


Innate Abilities, Weirdness & Mutations

You have a pair of horns on your head.
You reflexively headbutt those who attack you in melee.


   Skills:
 - Level 4.3 Fighting
 + Level 6.2 Ranged Weapons
 - Level 1.0 Armour
 - Level 2.1 Dodging
 - Level 1.0 Spellcasting
 - Level 2.0 Hexes


You had 6 spell levels left.
You knew the following spells:

 Your Spells              Type           Power      Damage    Failure   Level
a - Slow                  Hex            16%        N/A       34%         1

Your spell library contained the following spells:

 Spells                   Type           Power      Damage    Failure   Level
 Inner Flame              Hex/Fire       2%         N/A       83%         3
 Portal Projectile        Hex/Tloc       4%         N/A       83%         3
 Cause Fear               Hex            2%         N/A       98%         4

Inventory:

Hand Weapons
 Y - a +2 sling of freezing (weapon)
Armour
 g - a +0 ring mail (worn)
Jewellery
 e - a ring of see invisible (left hand)
Potions
 a - a potion of attraction {unknown}
 b - a potion of might {unknown}
 c - a potion of haste {unknown}
 d - a potion of brilliance {unknown}

Dungeon Overview and Level Annotations

Branches:
Dungeon (5/15)             Temple (1/1) D:4

Altars:
Dithmenos
Elyvilon
Gozag
Hepliaklqana
Makhleb
Nemelex Xobeh
Okawaru
Ru
Sif Muna
Trog
Uskayaw
Vehumet
Zin
The Shining One


Message History

The sling bullet hits the orc but does no damage.
The orc priest hits you from afar with a +0 trident.
The gnoll closely misses you. The orc hits you but does no damage.
You shoot a sling bullet.
The sling bullet hits the orc but does no damage.
The orc priest barely misses you. The orc hits you but does no damage.
The gnoll hits you from afar with a +0 spear.
A gnoll comes into view. It is wielding a +0 whip.
The gnoll barely misses you. The orc hits you with a +0 flail.
The gnoll moves out of view.
You shoot a sling bullet. The sling bullet hits the orc.
The sling bullet freezes the orc.
The orc is severely wounded.
The gnoll barely misses you. The orc barely misses you.
You furiously retaliate!
You headbutt the orc.
You kill the orc!
Okawaru accepts your kill.
You shoot a sling bullet. The sling bullet hits the orc.
The sling bullet freezes the orc.
The orc is almost dead.
You hear an angry hiss.
An iguana comes into view.
The orc hits you with a +0 mace.
The gnoll hits you from afar with a +0 spear!
You shoot a sling bullet. The sling bullet hits the orc!
The sling bullet freezes the orc.
You kill the orc!
Okawaru accepts your kill.
The gnoll sergeant hits you from afar with a +0 spear.
The gnoll barely misses you.
You shoot a sling bullet.
The sling bullet closely misses the orc.
The sling bullet hits the gnoll.
The sling bullet freezes the gnoll.
The gnoll is severely wounded.
The gnoll sergeant hits you from afar with a +0 spear.
The orc barely misses you. The gnoll barely misses you.
The orc closely misses you.
The gnoll sergeant hits you but does no damage.
The gnoll hits you from afar with a +0 spear.
You die...

######### ###
........#####.##
.....o.......#.##
#.. ##@###..##.####
#..#o##.#.......#
#.ggl.....###..#
#.g#.##.##.##.#.#
.....=#..#.#.#.##.#
#..#.. #. #...###.#
#g##.## #.
##.####.# . #.} ..
#......# ## #.
#.###.##


You could see a gnoll sergeant, an iguana, an orc priest, 2 gnolls and an orc.

Vanquished Creatures
  A scorpion (D:4)
  A hound (D:4)
  Jessica (D:2)
  An iguana (D:3)
  2 orc wizards (D:3)
  4 gnolls (D:3)
  5 adders
  A worm (D:3)
  2 dart slugs
  11 orcs
  6 ball pythons
  6 endoplasms
  4 giant cockroaches
  4 goblins
  10 hobgoblins
  4 kobolds
  2 quokkas (D:1)
  A bat (D:1)
  4 frilled lizards
  4 rats
74 creatures vanquished.

Notes
Turn   | Place    | Note
-------+----------+-------------------------------------------
     0 | D:1      | qw the Minotaur Hexslinger began the quest for the Orb.
     0 | D:1      | Reached XP level 1. HP: 16/16 MP: 1/1
     0 | D:1      | 0 ||| qw: Version: 0.3-a-46-gb1f654a
     0 | D:1      | 0 ||| qw: Game counter: 1437
     0 | D:1      | 0 ||| qw: Melee chars always use a shield: true
     0 | D:1      | 0 ||| qw: God list: Okawaru
     0 | D:1      | 0 ||| qw: Allow faded altars: false
     0 | D:1      | 0 ||| qw: Do Orc after clearing Dungeon:15 true
     0 | D:1      | 0 ||| qw: Do second Lair branch before Depths: true
     0 | D:1      | 0 ||| qw: Lair rune preference: random
     0 | D:1      | 0 ||| qw: Goals: Normal
     0 | D:1      | 0 ||| PLANNING D:1-11
   122 | D:1      | Reached skill level 3 in Ranged Weapons
   128 | D:1      | Reached XP level 2. HP: 19/23 MP: 2/2
   478 | D:1      | 478 ||| UPGRADING to +0 ring mail.
   488 | D:1      | 488 ||| DROPPING +0 robe.
   489 | D:1      | 489 ||| READING scroll labelled UDEDDIROUCH.
   490 | D:1      | 490 ||| DROPPING scroll of poison.
   523 | D:2      | Found a sacrificial altar of Ru.
   568 | D:2      | Reached XP level 3. HP: 29/29 MP: 3/3
   593 | D:2      | Noticed Jessica
   600 | D:2      | Killed Jessica
   601 | D:2      | Reached skill level 4 in Ranged Weapons
   694 | D:2      | Reached skill level 1 in Armour
   969 | D:2      | Reached XP level 4. HP: 33/36 MP: 4/4
  1147 | D:2      | 1147 ||| READING scroll labelled ZIRPHI WOTZI.
  1148 | D:2      | 1148 ||| READING scroll labelled LOBUSCH ZEMME.
  1149 | D:2      | 1149 ||| READING scroll labelled KUFING XEAGA.
  1150 | D:2      | 1150 ||| DRINKING 2 fuming golden potions.
  1151 | D:2      | 1151 ||| DRINKING 2 pink potions.
  1152 | D:2      | 1152 ||| DROPPING potion of degeneration.
  1218 | D:3      | Reached skill level 5 in Ranged Weapons
  1384 | D:3      | Reached XP level 5. HP: 28/44 MP: 5/5
  1386 | D:3      | Reached skill level 3 in Fighting
  1716 | D:3      | 1716 ||| Stepping ~*~*~tactically~*~*~ (outnumbered).
  1726 | D:3      | 1726 ||| DRINKING potion of curing.
  1726 | D:3      | 1726 ||| (to cure confusion)
  1846 | D:3      | 1846 ||| READING 2 scrolls of brand weapon.
  1846 | D:3      | 1846 ||| BRANDING +1 sling of draining.
  1847 | D:3      | 1847 ||| READING scroll of brand weapon.
  1847 | D:3      | 1847 ||| BRANDING +1 sling of flaming.
  2001 | D:3      | 2001 ||| READING scroll labelled UXATHR FIPRA.
  2084 | D:4      | Reached skill level 6 in Ranged Weapons
  2094 | D:4      | Found a staircase to the Ecumenical Temple.
  2095 | D:4      | 2095 ||| PLANNING TEMPLE
  2096 | D:4      | 2096 ||| UPGRADING to ring of see invisible.
  2105 | Temple   | Entered the Ecumenical Temple
  2106 | Temple   | 2106 ||| PLANNING OKAWARU WORSHIP
  2157 | Temple   | Became a worshipper of Warmaster Okawaru
  2158 | Temple   | 2158 ||| PLANNING D:1-11
  2285 | D:4      | 2285 ||| FLEEEEING.
  2286 | D:4      | 2286 ||| FLEEEEING.
  2287 | D:4      | 2287 ||| FLEEEEING.
  2290 | D:4      | 2290 ||| FLEEEEING.
  2291 | D:4      | 2291 ||| FLEEEEING.
  2292 | D:4      | 2292 ||| FLEEEEING.
  2293 | D:4      | 2293 ||| FLEEEEING.
  2294 | D:4      | 2294 ||| FLEEEEING.
  2295 | D:4      | 2295 ||| FLEEEEING.
  2298 | D:4      | 2298 ||| FLEEEEING.
  2299 | D:4      | 2299 ||| FLEEEEING.
  2301 | D:4      | Reached XP level 6. HP: 47/51 MP: 6/6
  2552 | D:4      | You fall into a shaft and drop 1 floor!
  2552 | D:5      | Entered Level 5 of the Dungeon
  2553 | D:5      | 2553 ||| READING scroll labelled CUMUUTZU FEKK.
  2861 | D:5      | 2861 ||| Stepping ~*~*~tactically~*~*~ (outnumbered).
  2862 | D:5      | 2862 ||| Stepping ~*~*~tactically~*~*~ (outnumbered).
  2870 | D:5      | HP: 12/53 [gnoll/+0 spear[a gnoll sergeant] (7)]
  2872 | D:5      | HP: 5/53 [gnoll sergeant/+0 spear (4)]
  2872 | D:5      | Slain by a gnoll

Levels and vault maps discovered:
D:1:      heliophobic_arrival_ceremonial_halls, layout_rooms, chequers_garden
D:2:      layout_loops_ring, basic_altar, minmay_misc_feat_rows, uniq_jessica
D:3:      layout_loops_ring, grunt_ministairs_15
D:4:      layout_loops_cross, minmay_temple_entry_mini_moons,
          uniq_crazy_yiuf_cottage
D:5:      layout_loops_ring, grunt_temple_overflow_growth_and_decay,
          grunt_decor_one_mirror
Temple:   nicolae_temple_ecumenical_triangle

Skill      XL: |  1  2  3  4  5  6 |
---------------+-------------------+-----
Ranged Weapons | 3 4 5 6 |  6.2
Fighting       | 2 3 4 |  4.3
Armour         | 1 |  1.0
Dodging        | |  2.1
Spellcasting   | |  1.0
Hexes          | |  2.0

Action                     |  1- 3 |  4- 6 || total
---------------------------+-------+-------++-------
   Fire: Sling             |   103 |   148 ||   251
    Use: Scroll            |     1 |     7 ||     8
         Potion            |       |     3 ||     3
 Armour: Robe              |     3 |       ||     3
         Ring mail         |     5 |    38 ||    43
  Dodge: Dodged            |    29 |    44 ||    73

Table legend:
 A = Non-vault XP
 B = Vault XP
 C = Vault XP percentage of total XP
 D = Non-vault monster count
 E = Vault monster count
 F = Vault count percentage of total count
                 A         B        C        D         E       F
            +---------+---------+-------+---------+---------+-------
      Total |     465 |      40 |   7.9 |      71 |       3 |   4.1
            +---------+---------+-------+---------+---------+-------
        D:1 |      39 |       0 |   0.0 |      23 |       0 |   0.0
        D:2 |      35 |      37 |  51.4 |       7 |       1 |  12.5
        D:3 |     190 |       3 |   1.6 |      20 |       2 |   9.1
        D:4 |     178 |       0 |   0.0 |      17 |       0 |   0.0
        D:5 |      23 |       0 |   0.0 |       4 |       0 |   0.0
            +---------+---------+-------+---------+---------+-------
